 Dungeon Crawl Stone Soup version 0.20.0-10-g0535bb4 (webtiles) character file.

12443 vatarom the Summoner (level 11, -6/64 HPs)
             Began as a Deep Elf Summoner on June 5, 2017.
             Was a High Priest of Sif Muna.
             Mangled by an elephant (17 damage)
             ... on level 4 of the Lair of Beasts.
             The game lasted 01:00:36 (18408 turns).

vatarom the Summoner (Deep Elf Summoner)           Turns: 18408, Time: 01:00:37

Health: -6/64      AC:  5    Str:  5    XL:     11   Next: 62%
Magic:  3/27       EV: 14    Int: 24    God:    Sif Muna [*****.]
Gold:   414        SH:  0    Dex: 15    Spells: 8/30 levels left

rFire    . . .     SeeInvis .   m - staff of energy
rCold    . . .     Gourm    .   (no shield)
rNeg     . . .     Faith    +   P - +1 leather armour of Grottiness {MR+}
rPois    +         Spirit   .   (no helmet)
rElec    .         Reflect  .   k - scarf {repulsion}
rCorr    .         Harm     .   d - +0 pair of gloves
MR       ++...                  (no boots)
Stlth    +++.......             E - amulet of faith
Regen    0.2/turn               g - ring of stealth
MPRegen  0.2/turn               w - ring of poison resistance

@: about to teleport, divine energy, repel missiles
A: no striking features
a: Stop Divine Energy, Channel Magic, Forget Spell, Renounce Religion


You were on level 4 of the Lair of Beasts.
You worshipped Sif Muna.
Sif Muna was extremely pleased with you.
You were not hungry.

You visited 3 branches of the dungeon, and saw 15 of its levels.
You also visited: Labyrinth and Ossuary.

You collected 656 gold pieces.
You spent 242 gold pieces at shops.

Inventory:

Hand Weapons
 e - the cursed +0 rapier of Triumph {pierce, rElec Stlth+, unknown}
   (You found it on level 3 of the Lair of Beasts)

   It inflicts extra damage upon your enemies.
   It insulates you from electricity.
   It makes you more stealthy.
   It has a curse placed upon it.
Armour
 a - a +0 robe
 d - a +0 pair of gloves (worn)
 k - a scarf of repulsion (worn)
 v - a scarf of cloud immunity
 P - the +1 leather armour of Grottiness (worn) {MR+}
   (You found it in a labyrinth)

   It affects your resistance to hostile enchantments.
Magical Staves
 m - an uncursed staff of energy (weapon)
 I - an uncursed staff of summoning
 M - an uncursed staff of power
Jewellery
 c - an uncursed ring of fire
 g - a ring of stealth (left hand)
 i - an uncursed ring of stealth
 w - a ring of poison resistance (right hand)
 y - an uncursed ring of wizardry
 E - an amulet of faith (around neck)
 J - an uncursed ring of flight
Wands
 q - a wand of digging (15/24)
 D - a wand of digging (11/24)
Scrolls
 f - 5 scrolls of teleportation
 j - 4 scrolls of magic mapping
 r - 2 scrolls of fog
 C - 4 scrolls of recharging
 L - 2 scrolls of amnesia
Potions
 b - a potion of flight
 h - a potion of haste
 p - a potion of cancellation
 s - a potion of resistance
 u - 2 potions of brilliance
 x - a potion of agility
 A - a potion of ambrosia
 B - 4 potions of curing
 Q - a potion of magic
 R - a potion of berserk rage
Books
 N - a book of Necromancy

   Spells                             Type                      Level
   a - Pain                           Necromancy                   1
   b - Animate Skeleton               Necromancy                   1
   c - Vampiric Draining              Necromancy                   3
   d - Regeneration                   Charms/Necromancy            3
   e - Animate Dead                   Necromancy                   4
   f - Control Undead                 Necromancy                   4
Comestibles
 l - a royal jelly
 n - 8 fruits
 o - 4 meat rations
 G - 8 bread rations


   Skills:
 - Level 5.3 Fighting
 - Level 6.1 Dodging
 - Level 2.4 Stealth
 + Level 10.2 Spellcasting
 * Level 13.9 Summonings
 - Level 7.9 Invocations
 - Level 8.2 Evocations


You had 8 spell levels left.
You knew the following spells:

 Your Spells              Type           Power        Failure   Level  Hunger
a - Regeneration          Chrm/Necr      ##........   26%         3    None
b - Call Imp              Summ           ######..     1%          2    None
c - Call Canine Familiar  Summ           ######..     1%          3    None
d - Summon Guardian Gole  Hex/Summ       #####...     1%          3    None
e - Summon Ice Beast      Ice/Summ       #####...     4%          4    None
f - Summon Lightning Spi  Summ/Air       #####...     4%          4    None
g - Mephitic Cloud        Conj/Pois/Air  ##......     26%         3    None


Dungeon Overview and Level Annotations

Branches:
Dungeon (10/15)            Temple (1/1) D:5            Lair (4/6) D:8
 Spider (0/4) Lair:4          Orc (0/2) D:10
  Swamp: Lair:2-4    Shoals: Lair:2-4

Altars:
Ashenzari
Cheibriados
Dithmenos
Elyvilon
Fedhas
Gozag
Hepliaklqana
Kikubaaqudgha
Makhleb
Nemelex Xobeh
Okawaru
Qazlal
Ru
Sif Muna
Trog
Uskayaw
Vehumet
Xom
Yredelemnul
Zin
The Shining One

Shops:
D:8 %


Message History

Your surroundings seem slightly different.
Your ice beast hits the elephant.
Your ice beast freezes the elephant!
Your ice beast hits the elephant.
Your ice beast freezes the elephant!
The elephant dies!
Sif Muna accepts your kill.
As you read the scroll of teleportation, it crumbles to dust.
You feel strangely unstable.
The blink frog blinks!
The elephant tramples you!
You stumble backwards!
Your ice beast hits the elephant but does no damage.
The blink frog blinks!
The hippogriff bites you.
* * * LOW HITPOINT WARNING * * *
The hippogriff pecks you.
* * * LOW HITPOINT WARNING * * *
The hippogriff claws you.
* * * LOW HITPOINT WARNING * * *
Unknown command.
The blink frog blinks!
Okay, then.
The blink frog blinks! x2; The elephant tramples you!
You die...

..........#
...........YY#
.........P.YY.#
..............YY#
............##...#
.............#.<.#
............###..#
...........Y###..##
...#.§)...H.@.....#
..#§.......Y....F##
.......F...Y.Y...##
..(...F....<.§.§.P#
......PY.........##
..P.........#....###
P######.#...†......#
. ##.#.#.......## ..
#.............#


You could see 3 elephants, a hippogriff, 3 blink frogs and 2 friendly ice
beasts.

Vanquished Creatures
  A howler monkey (D:4)
  A crimson imp (D:5)
  Crazy Yiuf (D:2)
  A hound (D:5)
  An adder skeleton (D:4)
  An adder zombie (D:5)
  A leopard gecko (D:4)
  An orc (D:3)
  A bat (D:3)
  2 giant cockroaches
  2 frilled lizards
  A kobold (D:1)
  2 rats (D:2)
16 creatures vanquished.

Vanquished Creatures (collateral kills)
  A minotaur (Lab)
  A hydra (Lair:3)
  2 two-headed ogres (D:9)
  13 elephants
  Joseph (D:7)
  7 spiny frogs
  A rime drake (Lair:2)
  2 komodo dragons
  A polar bear (Lair:4)
  13 blink frogs
  2 hippogriffs
  4 redbacks
  A spriggan (D:8)
  6 basilisks
  11 yaks
  2 hungry ghosts (D:10)
  Menkaure (D:4)
  Duvessa (D:7)
  7 porcupines
  3 orc warriors
  6 water moccasins
  A sky beast (D:6)
  3 ice beasts
  3 phantoms
  7 ogres
  6 centaurs
  5 crocodiles
  An elf zombie (Ossuary)
  9 bullfrogs
  Dowan (D:7)
  5 scorpions
  A troll zombie (D:10)
  6 killer bees (D:10)
  3 wights (D:9)
  3 howler monkeys
  2 bullfrog zombies
  A centaur zombie (D:6)
  2 hounds (D:7)
  A jelly (D:10)
  A human zombie (Ossuary)
  An orc priest (D:4)
  6 orc wizards
  2 bullfrog skeletons (D:5)
  3 iguanas
  8 worker ants
  A killer bee zombie (D:8)
  3 big kobold zombies (Ossuary)
  7 ogre zombies (D:10)
  A hound zombie (D:6)
  2 mummies (Ossuary)
  8 adders
  A shadow imp (D:7)
  3 adder zombies
  An ooze (D:1)
  An adder skeleton (D:8)
  A dart slug (D:1)
  6 leopard geckos
  27 orcs
  2 ball pythons
  7 bats
  4 giant cockroaches
  11 goblins
  5 hobgoblins
  5 jackals
  5 quokkas
  4 frilled lizards
  A goblin skeleton (D:10)
  A hobgoblin skeleton (D:10)
  10 hobgoblin zombies
  A jackal zombie (Ossuary)
  3 kobolds (D:1)
  12 kobold zombies (Ossuary)
  A leopard gecko skeleton (D:8)
  2 orc skeletons (D:10)
  28 orc zombies
  A quokka zombie (D:6)
  4 rats
  A rat zombie (Ossuary)
  3 fungi
  A plant (D:8)
341 creatures vanquished.

Vanquished Creatures (others)
  4 fungi
  6 plants
10 creatures vanquished.

Grand Total: 367 creatures vanquished

Notes
Turn   | Place    | Note
-------+----------+-------------------------------------------
     0 | D:1      | vatarom the Deep Elf Summoner began the quest for the Orb.
     0 | D:1      | Reached XP level 1. HP: 10/10 MP: 6/6
   595 | D:1      | Reached XP level 2. HP: 15/15 MP: 3/8
   599 | D:1      | Learned a level 2 spell: Call Imp
  1122 | D:2      | Found a runed door.
  1205 | D:2      | Noticed Crazy Yiuf
  1221 | D:2      | Killed Crazy Yiuf
  1221 | D:2      | Reached skill level 5 in Summonings
  1221 | D:2      | Reached XP level 3. HP: 10/19 MP: 1/10
  1353 | D:2      | Learned a level 3 spell: Call Canine Familiar
  1357 | D:2      | Learned a level 3 spell: Summon Guardian Golem
  2542 | D:3      | Noticed a phantom
  2643 | D:3      | Killed a phantom
  2643 | D:3      | Reached XP level 4. HP: 10/24 MP: 1/12
  2753 | D:3      | Reached skill level 6 in Summonings
  3298 | D:4      | Reached XP level 5. HP: 28/28 MP: 4/14
  3376 | D:4      | Learned a level 4 spell: Summon Ice Beast
  3411 | D:4      | Reached skill level 5 in Spellcasting
  3423 | D:4      | Noticed an ogre
  3436 | D:4      | Killed an ogre
  3624 | D:4      | Reached skill level 7 in Summonings
  3725 | D:4      | Reached XP level 6. HP: 25/32 MP: 10/16
  3766 | D:4      | Noticed Menkaure
  3904 | D:4      | Found a blossoming altar of Fedhas.
  4097 | D:4      | Killed Menkaure
  4181 | D:4      | Found a glowing golden altar of the Shining One.
  4729 | D:5      | Entered Level 5 of the Dungeon
  4808 | D:5      | Found a radiant altar of Vehumet.
  4820 | D:5      | Reached skill level 8 in Summonings
  4866 | D:5      | Learned a level 4 spell: Summon Lightning Spire
  4886 | D:5      | Reached XP level 7. HP: 27/36 MP: 9/18
  5025 | D:5      | Found a basalt altar of Yredelemnul.
  5177 | D:5      | Noticed an angel
  5266 | D:5      | Found a glowing silver altar of Zin.
  5266 | D:5      | Found a shimmering altar of Xom.
  5397 | D:5      | Found a staircase to the Ecumenical Temple.
  5404 | Temple   | Entered the Ecumenical Temple
  5584 | Temple   | Became a worshipper of Sif Muna the Loreminder
  5690 | D:5      | Reached * piety under Sif Muna
  5690 | D:5      | Reached skill level 5 in Fighting
  5690 | D:5      | Reached skill level 11 in Summonings
  5690 | D:5      | Reached XP level 8. HP: 45/49 MP: 15/19
  5796 | D:6      | Found an iron altar of Okawaru.
  5864 | D:6      | Got a faintly humming chain mail
  5865 | D:6      | Identified the +3 chain mail of the Loofah {rF+ Int+2} (You found it on level 6 of the Dungeon)
  6298 | D:6      | Reached skill level 1 in Evocations
  6354 | D:6      | Found a sand-covered staircase.
  6358 | Ossuary  | Entered an ossuary
  7551 | D:7      | Reached ** piety under Sif Muna
  7721 | D:7      | Reached XP level 9. HP: 35/54 MP: 4/20
  8095 | D:7      | Found a white marble altar of Elyvilon.
  8190 | D:7      | Noticed Duvessa
  8190 | D:7      | Noticed Dowan
  8192 | D:7      | Noticed Joseph
  8371 | D:7      | Killed Joseph
  8563 | D:7      | Killed Duvessa
  8565 | D:7      | Killed Dowan
  8976 | D:8      | Found a shattered altar of Ashenzari.
  9009 | D:8      | Got an ebony war axe
  9010 | D:8      | Identified the +10 war axe of the Endless Wishes {freeze, Fragile rC+ MR+ Dex+4} (You found it on level 8 of the Dungeon)
  9020 | D:8      | Found a shadowy altar of Dithmenos.
  9020 | D:8      | Found a blossoming altar of Fedhas.
  9020 | D:8      | Found a hazy altar of Hepliaklqana.
  9021 | D:8      | Found a stormy altar of Qazlal.
  9401 | D:8      | Got a warped mace
  9402 | D:8      | Identified the cursed +2 mace "Qyrgheuq" {speed, rElec Int+4} (You found it on level 8 of the Dungeon)
  9630 | D:8      | Found a staircase to the Lair.
  9631 | D:8      | Noticed a komodo dragon
  9647 | D:8      | Found Vikael's Food Shoppe.
  9650 | D:8      | Bought a royal jelly for 22 gold pieces
  9650 | D:8      | Bought a bread ration for 55 gold pieces
  9650 | D:8      | Bought a meat ration for 55 gold pieces
  9650 | D:8      | Bought a bread ration for 55 gold pieces
  9650 | D:8      | Bought a bread ration for 55 gold pieces
 10190 | D:8      | Killed a komodo dragon
 10804 | D:9      | Noticed a two-headed ogre
 10811 | D:9      | Killed a two-headed ogre
 10811 | D:9      | Reached skill level 5 in Evocations
 11181 | D:9      | Noticed a two-headed ogre
 11195 | D:9      | Killed a two-headed ogre
 11195 | D:9      | Reached skill level 12 in Summonings
 11416 | D:9      | Reached XP level 10. HP: 59/59 MP: 14/21
 11676 | D:10     | Entered Level 10 of the Dungeon
 11692 | D:10     | Identified a scroll of acquirement
 11706 | D:10     | Learned a level 3 spell: Regeneration
 11711 | D:10     | Found a staircase to the Orcish Mines.
 11885 | D:10     | Reached *** piety under Sif Muna
 12974 | Lair:1   | Entered Level 1 of the Lair of Beasts
 12980 | Lair:1   | Noticed a spiny frog
 12992 | Lair:1   | Killed a spiny frog
 13141 | Lair:1   | Found a labyrinth entrance.
 13150 | Lab      | Entered a labyrinth
 13516 | Lab      | Noticed a minotaur
 13642 | Lab      | Killed a minotaur
 13702 | Lab      | Identified the Incunabulum of Enhancements
 13727 | Lab      | Got a heavily runed leather armour
 13741 | Lab      | Identified the +1 leather armour of Grottiness {MR+} (You found it in a labyrinth)
 13992 | Lair:1   | Noticed a spiny frog
 13997 | Lair:1   | Killed a spiny frog
 14251 | Lair:1   | Noticed a spiny frog
 14256 | Lair:1   | Killed a spiny frog
 14258 | Lair:1   | Noticed a spiny frog
 14264 | Lair:1   | Killed a spiny frog
 14705 | Lair:2   | Noticed a spiny frog
 14744 | Lair:2   | Found a shattered altar of Ashenzari.
 14839 | Lair:2   | Reached **** piety under Sif Muna
 14881 | Lair:2   | Killed a spiny frog
 15440 | Lair:2   | Noticed a spiny frog
 15448 | Lair:2   | Killed a spiny frog
 15506 | Lair:2   | Reached XP level 11. HP: 64/64 MP: 5/25
 16207 | Lair:2   | Learned a level 3 spell: Mephitic Cloud
 16672 | Lair:3   | Reached skill level 13 in Summonings
 16760 | Lair:3   | Reached ***** piety under Sif Muna
 16780 | Lair:3   | Identified Sif Muna's Disquisition on Conjuration (Sif Muna gifted it to you on level 3 of the Lair of Beasts)
 16780 | Lair:3   | Received a gift from Sif Muna
 17163 | Lair:3   | Got a twisted rapier
 17182 | Lair:3   | Noticed a four-headed hydra
 17197 | Lair:3   | Killed a four-headed hydra
 17968 | Lair:4   | Found a hole to the Spider Nest.
 17992 | Lair:4   | Reached skill level 10 in Spellcasting
 18408 | Lair:4   | Mangled by an elephant

Skill      XL: |  1  2  3  4  5  6  7  8  9 10 11 |
---------------+----------------------------------+-----
Spellcasting   | 4 5 6 8 10 | 10.2
Summonings     | 5 6 7 8 11 12 13 | 13.9
Fighting       | 5 |  5.3
Dodging        | 6 |  6.1
Invocations    | 7 |  7.9
Evocations     | 2 6 8 |  8.2
Stealth        | |  2.4

Action                   |  1- 3 |  4- 6 |  7- 9 | 10-12 || total
-------------------------+-------+-------+-------+-------++-------
Melee: Mace              |     2 |       |     1 |       ||     3
       Unarmed           |     2 |       |       |       ||     2
       Dagger            |    13 |       |       |       ||    13
       Quarterstaff      |     5 |    17 |     6 |       ||    28
       Staff             |       |       |    11 |     7 ||    18
 Cast: Summon Small Mamm |    17 |       |       |       ||    17
       Call Imp          |    27 |    12 |    35 |     9 ||    83
       Call Canine Famil |    14 |    13 |    41 |    27 ||    95
       Summon Guardian G |     5 |     2 |     7 |    15 ||    29
       Summon Ice Beast  |       |     7 |    63 |   179 ||   249
       Summon Lightning  |       |     1 |    26 |    33 ||    60
       Mephitic Cloud    |       |       |       |     4 ||     4
       Regeneration      |       |       |       |     1 ||     1
Invok: Divine Energy     |       |       |       |     1 ||     1
Evoke: Staff of energy   |       |       |    26 |   116 ||   142
  Use: Scroll            |     4 |     2 |    12 |    14 ||    32
       Potion            |     3 |     3 |     3 |     6 ||    15
 Stab: Sleeping          |       |     1 |     2 |       ||     3
       Distracted        |       |     1 |       |       ||     1
  Eat: Chunk             |     2 |     4 |     7 |     2 ||    15
       Bread ration      |     1 |     1 |     4 |     3 ||     9
       Fruit             |       |       |     2 |     3 ||     5
       Royal jelly       |       |       |     1 |     1 ||     2
       Meat ration       |       |       |       |     1 ||     1
Armor: Robe              |    10 |     2 |     5 |     1 ||    18
       Leather armour    |       |       |       |    16 ||    16
Dodge: Dodged            |    27 |    17 |    52 |    55 ||   151
       Deflected         |     1 |       |     3 |       ||     4
